Map: Vaani Research Station (Void)

Players

LunatiC - Winner!

  • Race: Protoss Protoss
  • Spawn Location: 6:00

Musumeci

  • Race: Zerg Zerg
  • League: Diamond
  • Spawn Location: 12:00

VOD

Have the link to the VOD?

Description

Time

  • Played on: Jan. 24, 2017, 4:16 p.m.
  • Length: 16:57
Show
View Real Time Build Order
Export as new Build Order

LunatiC Protoss - Winner!

Build Orders: 1 Gate Expand 

Get SALT Encoding   

  12  0:01  Probe (Chrono Boost)  
  13  0:11  Probe (Chrono Boost)  
  14  0:21  Pylon  
  14  0:23  Probe (Chrono Boost)  
  15  0:39  Gateway, Probe (Chrono Boost)  
  17  0:50  Probe (Chrono Boost)  
  17  0:52  Assimilator  
  17  1:00  Probe (Chrono Boost)  
  18  1:11  Probe (Chrono Boost)  
  19  1:27  Nexus  
  19  1:40  Cybernetics Core  
  19  1:42  Probe (Chrono Boost)  
  20  1:49  Assimilator  
  20  1:53  Probe (Chrono Boost)  
  21  2:00  Pylon  
  21  2:04  Probe (Chrono Boost)  
  22  2:18  Adept  
  26  2:23  Warp Gate  
  26  2:24  Mothership Core (Chrono Boost)  
  26  2:39  Probe (Chrono Boost)  
  26  2:42  Stalker  
  29  2:52  Pylon  
  29  2:53  Probe x2 (Chrono Boost)  
  31  3:08  Probe x2 (Chrono Boost)  
  33  3:15  Stargate  
  33  3:19  Probe x2 (Chrono Boost)  
  35  3:28  Gateway  
  35  3:31  Gateway  
  35  3:33  Probe (Chrono Boost)  
  35  3:34  Probe (Chrono Boost)  
  37  3:44  Probe (Chrono Boost)  
  37  3:45  Probe (Chrono Boost)  
  39  3:50  Assimilator  
  39  3:55  Assimilator, Probe x2 (Chrono Boost)  
  41  4:02  Phoenix  
  43  4:07  Probe x2 (Chrono Boost)  
  45  4:16  Stargate  
  45  4:22  Probe x2 (Chrono Boost)  
  47  4:26  Sentry x2  
  47  4:29  Phoenix  
  51  4:35  Probe (Chrono Boost)  
  54  4:39  Pylon  
  54  4:41  Pylon  
  54  4:56  Phoenix  
  54  4:57  Phoenix  
  54  4:58  Probe x2 (Chrono Boost)  
  60  5:10  Probe (Chrono Boost)  
  60  5:11  Pylon, Probe (Chrono Boost)  
  62  5:28  Phoenix x2  
  62  5:33  Probe x2 (Chrono Boost)  
  62  5:35  Fleet Beacon  
  68  5:40  Adept x2  
  72  5:44  Gateway  
  72  5:45  Gateway, Probe x2 (Chrono Boost)  
  74  5:53  Phoenix x2  
  78  6:08  Pylon  
  78  6:10  Pylon  
  78  6:21  Phoenix  
  78  6:25  Graviton Catapult  
  78  6:28  Probe x2 (Chrono Boost)  
  80  6:35  Carrier  
  77  6:40  Probe (Chrono Boost)  
  77  6:43  Carrier  
  83  6:58  Adept  
  83  6:59  Adept  
  93  7:07  Pylon  
  93  7:08  Pylon  
  93  7:29  Adept  
  95  7:32  Adept  
  97  7:50  Carrier  
  97  7:57  Anion Pulse-Crystals, Probe x2 (Chrono Boost)  
  99  8:03  Pylon, Nexus  
  99  8:05  Pylon  
  105  8:08  Zealot x2  
  105  8:10  Gateway  
  105  8:11  Gateway  
  109  8:14  Gateway, Pylon  
  109  8:22  Zealot x2  
  109  8:23  Pylon  
  113  8:30  Carrier  
  119  8:50  Pylon  
  119  8:54  Pylon  
  119  9:02  Zealot x3  
  121  9:03  Zealot  
  121  9:05  Twilight Council  
  121  9:08  Assimilator  
  125  9:11  Gateway  
  125  9:12  Gateway  
  125  9:13  Assimilator  
  125  9:22  Pylon, Probe (Chrono Boost)  
  125  9:23  Probe x2 (Chrono Boost)  
  128  9:24  Carrier  
  128  9:29  Forge  
  128  9:30  Pylon  
  128  9:38  Sentry x2  
  138  9:44  Sentry x2  
  141  9:50  Zealot x3  
  147  9:59  Carrier  
  147  10:00  Charge  
  147  10:02  Protoss Shields Level 1, Zealot x2  
  157  10:21  Protoss Air Weapons Level 1  
  157  10:32  Assimilator  
  157  10:36  Pylon  
  157  10:39  Pylon  
  157  10:54  Carrier  
  163  11:01  Pylon  
  163  11:08  Zealot x4  
  163  11:09  Zealot  
  163  11:11  Templar Archives  
  173  11:14  Pylon  
  173  11:15  Pylon  
  173  11:25  Nexus  
  173  11:29  Gateway x2  
  173  11:32  Pylon  
  173  11:34  Pylon  
  173  11:37  Psionic Storm  
  173  11:39  Carrier  
  179  11:40  Protoss Shields Level 2  
  179  12:03  High Templar x2  
  179  12:05  High Templar  
  185  12:29  Sentry x2  
  183  12:30  Zealot  
  183  12:31  High Templar  
  177  12:56  Nexus  
  177  12:58  High Templar x2  
  177  13:00  High Templar  
  177  13:01  Zealot x2  
  177  13:02  Zealot  
  189  13:12  Pylon  
  189  13:21  Carrier  
  195  13:30  Pylon  
  195  13:35  Pylon  
  195  13:40  Zealot  
  195  13:41  Zealot x3  
  196  14:26  Probe x2 (Chrono Boost)  
  196  14:28  Probe x2 (Chrono Boost)  
  196  14:30  Assimilator  
  200  14:32  Assimilator  
  188  14:45  Carrier  
  180  14:46  Carrier  
  172  15:18  Zealot x4  
  172  15:19  Zealot  
  182  15:27  Robotics Facility  
  178  15:54  High Templar  
  178  15:55  High Templar x2  
  196  16:19  Zealot x2  
Show
View Real Time Build Order
Export as new Build Order

Musumeci Zerg 

Build Orders: Hatch First 

Get SALT Encoding   

  12  0:00  Drone  
  13  0:10  Drone  
  14  0:14  Extractor  
  14  0:15  Drone  
  15  0:42  Hatchery  
  14  0:49  Drone, Extractor  
  15  1:05  Spawning Pool  
  15  1:06  Extractor  
  15  1:08  Drone  
  14  1:13  Extractor  
  14  1:14  Drone  
  15  1:29  Overlord  
  15  1:47  Drone x3  
  18  1:57  Queen  
  20  2:04  Queen  
  20  2:06  Drone  
  23  2:15  Metabolic Boost  
  23  2:25  Drone x3  
  26  2:31  Overlord  
  26  2:56  Overlord  
  26  2:58  Overlord  
  26  3:02  Pneumatized Carapace  
  26  3:06  Queen  
  26  3:09  Zergling x6  
  31  3:14  Drone x2  
  31  3:16  Drone  
  34  3:34  Hatchery  
  34  3:40  Evolution Chamber  
  32  3:42  Drone x2  
  34  4:10  Spore Crawler x2  
  34  4:11  Drone x8  
  34  4:12  Drone  
  41  4:17  Zergling x4  
  43  4:30  Spore Crawler  
  42  4:33  Drone x3  
  42  4:34  Spore Crawler  
  42  4:35  Drone  
  42  4:37  Drone  
  46  4:50  Zergling x6, Spore Crawler  
  46  4:52  Spore Crawler  
  47  4:59  Lair  
  47  5:03  Extractor  
  47  5:04  Drone  
  47  5:05  Drone x3, Extractor  
  49  5:07  Drone  
  49  5:31  Overlord x4  
  49  5:42  Overlord  
  49  5:43  Overlord x3  
  49  5:48  Queen  
  51  5:57  Drone x9  
  51  6:03  Drone x3  
  63  6:05  Extractor  
  63  6:09  Hydralisk Den  
  63  6:10  Zerg Missile Weapons Level 1  
  61  6:14  Drone x2  
  63  6:36  Overlord x3  
  63  6:50  Drone  
  63  6:51  Drone x7  
  71  7:04  Drone  
  71  7:06  Drone x3  
  75  7:09  Muscular Augments  
  75  7:13  Overlord x3  
  75  7:17  Spore Crawler  
  75  7:18  Drone x3  
  75  7:20  Spore Crawler  
  72  7:43  Zergling x2  
  75  7:44  Zergling x20  
  80  7:53  Overlord  
  80  7:54  Overlord, Extractor x2  
  80  7:55  Overlord  
  80  7:57  Drone x2  
  80  7:58  Drone  
  81  8:11  Hydralisk  
  81  8:12  Hatchery, Drone, Hydralisk x5  
  93  8:17  Extractor  
  92  8:21  Hatchery  
  91  8:30  Hydralisk  
  91  8:31  Hydralisk x10  
  107  8:40  Overseer  
  107  8:41  Overseer x2  
  107  8:46  Hydralisk  
  107  8:47  Hydralisk x4  
  117  8:53  Hydralisk x4  
  125  9:03  Drone x6  
  130  9:23  Zerg Missile Weapons Level 2  
  129  9:26  Evolution Chamber  
  128  9:32  Infestation Pit  
  127  10:25  Extractor, Hive  
  127  10:26  Zerg Ground Armor Level 1  
  127  10:28  Overlord x7  
  126  10:29  Overlord  
  126  10:35  Baneling Nest  
  126  10:40  Drone x4  
  126  10:41  Spore Crawler  
  126  10:42  Spore Crawler  
  127  10:47  Spore Crawler x2  
  127  10:48  Drone x5, Spore Crawler  
  129  10:50  Drone x3  
  129  10:53  Zergling x4  
  129  10:54  Zergling x20  
  129  10:56  Spore Crawler  
  143  10:57  Spore Crawler  
  142  11:08  Drone x6  
  148  11:18  Centrifical Hooks  
  148  11:28  Baneling x11  
  148  11:29  Baneling x9  
  148  11:34  Hydralisk x6  
  148  11:35  Hydralisk x4  
  168  11:54  Zerg Missile Weapons Level 3  
  168  12:20  Extractor  
  168  12:21  Hatchery  
  166  12:25  Extractor  
  137  12:44  Zergling x16  
  141  12:57  Spire  
  140  12:58  Drone  
  140  12:59  Drone x10  
  140  13:00  Drone x3  
  140  13:01  Drone x3  
  140  13:02  Overlord x5  
  157  13:12  Baneling  
  157  13:13  Baneling x3  
  154  13:46  Baneling x2  
  154  13:51  Baneling  
  153  13:59  Baneling x2  
  140  14:06  Hydralisk x12  
  140  14:07  Hydralisk x17  
  154  14:38  Extractor  
  154  14:39  Hatchery  
  98  15:00  Hydralisk x12  
  98  15:01  Hydralisk x7  
  57  15:59  Zergling x4  
  57  16:00  Zergling x8  
  57  16:02  Zergling x6  
  66  16:05  Zergling x16  
  63  16:22  Baneling  
  63  16:23  Baneling x11  
  51  16:26  Baneling x2  
  51  16:27  Baneling x14  
Tags
 
Add a new tag
Caveats
  • Supply blocks, unpowered buildings, or Contaminate may cause inaccurate times.
  • Supply counts are checked every 10 seconds.